 Dungeon Crawl Stone Soup version 0.17.0-24-gcfadda4 (webtiles) character file.

13219 dorian the Arsonist (level 12, 0/72 HPs)
             Began as an Octopode Fire Elementalist on Nov 16, 2015.
             Was a Priest of Vehumet.
             Slain by a seven-headed hydra (3 damage)
             ... on level 1 of the Lair of Beasts.
             The game lasted 00:39:10 (15293 turns).

dorian the Arsonist (Octopode Fire Elementalist)   Turns: 15293, Time: 00:39:11

Health: 0/72       AC:  8    Str:  7    XL:     12   Next: 3%
Magic:  14/24      EV: 12    Int: 21    God:    Vehumet [***...]
Gold:   426        SH:  0    Dex: 14    Spells: 4 memorised, 17 levels left

rFire  + . .     SeeInvis .     s - +1 dagger (protect)
rCold  x . .     Clarity  .     (no shield)
rNeg   . . .     SustAt   .     (helmet restricted)
rPois  .         Gourm    .     (no amulet)
rElec  .         Spirit   .     z - ring of fire
rCorr  .         Warding  .     (no ring)
rMut   .         Stasis   .     (no ring)
MR     .....                    (no ring)
Stlth  +++.......               (no ring)
                                (no ring)
                                (no ring)
                                (no ring)

@: not resistant to hostile enchantments, fairly stealthy
A: almost no armour, amphibious, 8 rings, constrict 8, slimy green scales 1,
camouflage 1, robust 1, spit poison 1, gelatinous body 1
a: Spit Poison, Renounce Religion


You were on level 1 of the Lair of Beasts.
You worshipped Vehumet.
Vehumet was most pleased with you.
You were hungry.

You visited 3 branches of the dungeon, and saw 13 of its levels.
You also visited: Sewer.

You collected 601 gold pieces.
You spent 175 gold pieces at shops.

Inventory:

Hand Weapons
 s - a +1 dagger of protection (weapon)
 D - a +3 scimitar of freezing
Magical Staves
 O - an uncursed staff of summoning
Jewellery
 z - a ring of fire (left tentacle)
 C - an uncursed amulet of faith
Wands
 r - a wand of draining (0)
 v - a wand of flame (18)
 H - a wand of teleportation (5)
 M - a wand of lightning (0)
 N - a wand of polymorph (11)
Scrolls
 c - 7 scrolls of remove curse
 e - 5 scrolls of teleportation
 g - a scroll of fear
 i - 2 scrolls of enchant armour
 j - 7 scrolls of identify
 n - 3 scrolls of brand weapon {unknown}
 w - 3 scrolls of recharging
 x - a scroll of vulnerability {unknown}
 y - 6 scrolls of fog
 A - 3 scrolls of blinking
 B - a scroll of summoning {unknown}
Potions
 d - 3 potions of might
 h - 4 potions of lignification
 k - a potion of curing
 l - 4 potions of invisibility
 p - a potion of mutation
 q - 2 potions of heal wounds
 t - a potion of haste
 F - a potion of resistance
Books
 a - a book of Flames

   Spells                             Type                      Level
   a - Flame Tongue                   Conjuration/Fire             1
   b - Throw Flame                    Conjuration/Fire             2
   c - Conjure Flame                  Conjuration/Fire             3
   d - Inner Flame                    Hexes/Fire                   3
   e - Sticky Flame                   Conjuration/Fire             4
   f - Fireball                       Conjuration/Fire             5
 E - a book of Burglary

   Spells                             Type                      Level
   a - Swiftness                      Charms/Air                   2
   b - Passwall                       Transmutation/Earth          3
   c - Passage of Golubria            Translocation                4
   d - Lee's Rapid Deconstruction     Earth                        5
   e - Darkness                       Hexes                        6
   f - Invisibility                   Hexes                        6
Comestibles
 b - 8 bread rations
 f - 4 beef jerkies
 m - 5 meat rations
 u - 6 fruits


   Skills:
 - Level 2.0 Dodging
 - Level 2.6 Stealth
 + Level 8.2 Spellcasting
 + Level 11.9 Conjurations
 + Level 12.1 Fire Magic
 * Level 1.3 Poison Magic


You had 17 spell levels left.
You knew the following spells:

 Your Spells              Type           Power        Failure   Level  Hunger
a - Flame Tongue          Conj/Fire      #####        1%          1    None
b - Sticky Flame          Conj/Fire      ######..     1%          4    ###....
c - Swiftness             Chrm/Air       #.......     12%         2    None
d - Mephitic Cloud        Conj/Pois/Air  ####....     1%          3    None


Dungeon Overview and Level Annotations

Branches:
Dungeon (11/15)            Temple (1/1) D:7            Lair (1/8) D:10
    Orc (0/4) D:11

Altars:
Cheibriados
Dithmenos
Elyvilon
Fedhas
Kikubaaqudgha
Makhleb
Nemelex Xobeh
Qazlal
Ru
Sif Muna
Trog
Vehumet
Yredelemnul
Zin
The Shining One

Shops:
D:5 (*   D:11 !

Annotations:
D:6 emiel's ghost, novice TeAE
D:8 Erolcha
D:11 Erica


Innate Abilities, Weirdness & Mutations

You cannot wear most types of armour.
You are amphibious.
You can wear up to eight rings at the same time.
You can use your tentacles to constrict eight enemies at once.
Your skin changes colour to match your surroundings (Stealth).
Your rubbery body absorbs attacks (AC +1).
You are partially covered in slimy green scales (AC +2).
You are robust (+10% HP).
You can spit weak poison.


Message History

The seven-headed hydra burns!
The seven-headed hydra stops burning.
Casting: Sticky Flame
Confirm with . or Enter, or press ? or * to list all spells.
Aiming: Sticky Flame
Press: ? - help, Shift-Dir - straight line, f/p - seven-headed hydra
Aim: a seven-headed hydra (severely wounded)
You feel a surge of power!
The sticky flame hits the seven-headed hydra.
The seven-headed hydra is almost dead.
The seven-headed hydra is covered in liquid flames!
The seven-headed hydra burns!
The seven-headed hydra bites you!
* * * LOW HITPOINT WARNING * * *
The seven-headed hydra bites you.
* * * LOW HITPOINT WARNING * * *
The seven-headed hydra bites you!
* * * LOW HITPOINT WARNING * * *
The seven-headed hydra misses you.
The seven-headed hydra barely misses you.
The seven-headed hydra bites you.
You die...

.....#.....# ###....##.##...
####.....b.## .. #.#..#.##...#..#
#####.....##+.###.............#
#.......##......#..#...8...8...
#.......#.........!#.....8.....
##...............#..#...8...8...
#.............(..#..#..........#
#.................#....##...#..#
#..............@D..............)
#..................##..........#
##......##.b.........####.....###
#P.......##..+.##...#.# #..+##..#
##.......####...####### ##÷..#..#
#....+### ##P.##.### #.....#.#
#...... #.......# #8.>.8..#
##....... #...÷..## #.....#.#
+.......# #......## #..8.#...


You could see a seven-headed hydra (burning).

Vanquished Creatures
  A queen ant (D:11)
  3 hill giants
  An ugly thing (D:11)
  A black mamba (Lair:1)
  3 centaur zombies
  Joseph (D:9)
  A spiny frog (D:10)
  2 two-headed ogres
  A deep elf mage (D:11)
  A wyvern (D:9)
  10 yaks
  A vampire (D:9)
  2 hippogriffs (D:10)
  A water moccasin (Lair:1)
  Edmund (D:6)
  10 soldier ants (D:11)
  A porcupine (Lair:1)
  An orc warrior (D:10)
  A black bear (D:8)
  A phantom (D:6)
  2 ice beasts
  5 ogres
  3 sky beasts
  A wasp (D:9)
  2 necrophages (D:6)
  4 centaurs
  A big kobold (D:8)
  3 crocodiles (Lair:1)
  4 giant frogs
  A gnoll sergeant (D:7)
  A wyvern skeleton (D:9)
  A water moccasin zombie (D:7)
  5 scorpions
  3 killer bees (D:9)
  10 wights
  8 crimson imps
  An orc wizard (D:7)
  2 iguanas
  4 jellies
  2 orc priests
  A centaur skeleton (D:8)
  A giant frog skeleton (D:8)
  8 hounds
  16 worker ants
  2 sheep (D:10)
  A hound zombie (D:6)
  A hound skeleton (D:9)
  9 gnolls
  A shadow imp (D:5)
  9 adders
  An ooze (D:8)
  An adder skeleton (D:4)
  An adder zombie (D:5)
  3 worms
  2 giant geckos (D:11)
  29 orcs
  A ball python (D:4)
  6 bats (D:1)
  4 giant cockroaches
  2 gnoll zombies (D:2)
  10 goblins
  6 hobgoblins
  21 kobolds
  5 quokkas
  A ball python skeleton (D:4)
  A giant newt (D:4)
  12 jackals
  A quokka skeleton (D:7)
  A quokka zombie (D:5)
  7 rats
271 creatures vanquished.

Vanquished Creatures (others)
  An adder (D:6)
1 creature vanquished.

Grand Total: 272 creatures vanquished

Notes
Turn   | Place    | Note
--------------------------------------------------------------
     0 | D:1      | dorian the Octopode Fire Elementalist began the quest for the Orb.
     0 | D:1      | Reached XP level 1. HP: 11/11 MP: 3/3
   216 | D:1      | Reached XP level 2. HP: 15/17 MP: 1/5
   910 | D:2      | Reached XP level 3. HP: 18/21 MP: 2/6
  1024 | D:2      | Found a basalt altar of Yredelemnul.
  1637 | D:2      | Reached XP level 4. HP: 24/27 MP: 5/7
  1735 | D:2      | Reached skill level 4 in Fire Magic
  2387 | D:3      | Reached XP level 5. HP: 31/31 MP: 5/8
  2784 | D:3      | Found a snail-covered altar of Cheibriados.
  2937 | D:4      | Learned a level 4 spell: Sticky Flame
  3101 | D:4      | Reached skill level 5 in Fire Magic
  3101 | D:4      | Reached XP level 6. HP: 19/36 MP: 0/9
  3333 | D:4      | Found a sacrificial altar of Ru.
  3496 | D:4      | Found a glowing drain.
  3500 | Sewer    | Entered a sewer
  3500 | Sewer    | Noticed Raultor's ghost (amateur OpTm)
  3870 | D:5      | Entered Level 5 of the Dungeon
  3870 | D:5      | Found Ymijaemu's Weapon Boutique.
  4019 | D:5      | Found Cuilithest's Elemental Accessories.
  4492 | D:5      | Reached skill level 5 in Conjurations
  4492 | D:5      | Reached XP level 7. HP: 39/41 MP: 6/10
  4545 | D:5      | Reached skill level 6 in Fire Magic
  5075 | D:6      | Reached XP level 8. HP: 40/46 MP: 2/11
  5210 | D:6      | Found a blossoming altar of Fedhas.
  5251 | D:6      | Reached skill level 7 in Fire Magic
  5730 | D:6      | Noticed emiel's ghost (novice TeAE)
  5813 | D:6      | Found a stormy altar of Qazlal.
  5878 | D:6      | Noticed Edmund
  5887 | D:6      | Killed Edmund
  5887 | D:6      | Reached skill level 8 in Fire Magic
  6026 | D:6      | Reached XP level 9. HP: 51/51 MP: 2/12
  6454 | D:7      | Found a staircase to the Ecumenical Temple.
  6462 | Temple   | Entered the Ecumenical Temple
  6507 | Temple   | Became a worshipper of Vehumet
  6564 | D:7      | Found a sparkling altar of Nemelex Xobeh.
  7109 | D:6      | Found a glowing golden altar of the Shining One.
  7109 | D:6      | Found a white marble altar of Elyvilon.
  7340 | D:7      | Reached skill level 9 in Fire Magic
  7764 | D:8      | Noticed Erolcha
  8344 | D:8      | Reached * piety under Vehumet
  8344 | D:8      | Offered knowledge of Freeze by Vehumet.
  8464 | D:8      | Found a deep blue altar of Sif Muna.
  9065 | D:8      | Found a sparkling altar of Nemelex Xobeh.
  9482 | D:10     | Entered Level 10 of the Dungeon
  9574 | D:9      | Reached XP level 10. HP: 10/56 MP: 10/16
  9901 | D:9      | Reached skill level 10 in Fire Magic
 10046 | D:10     | Found a staircase to the Lair.
 10540 | D:9      | Reached skill level 5 in Spellcasting
 10546 | D:9      | Offered knowledge of Throw Frost by Vehumet.
 10760 | D:9      | Reached ** piety under Vehumet
 10760 | D:9      | Reached skill level 10 in Conjurations
 11038 | D:9      | Noticed Joseph
 11051 | D:9      | Killed Joseph
 11307 | D:9      | Gained mutation: You can spit weak poison. [mutagenic meat]
 11564 | D:10     | Noticed a spiny frog
 11580 | D:10     | Killed a spiny frog
 12137 | D:10     | Reached XP level 11. HP: 61/61 MP: 15/20
 12284 | D:10     | Reached skill level 11 in Fire Magic
 12580 | D:10     | Noticed a hill giant
 12595 | D:10     | Killed a hill giant
 12765 | D:10     | Learned a level 2 spell: Swiftness
 13256 | D:11     | Found Foujel's Distillery.
 13273 | D:11     | Bought a potion of mutation for 25 gold pieces
 13273 | D:11     | Bought a potion of heal wounds for 50 gold pieces
 13273 | D:11     | Bought a potion of haste for 100 gold pieces
 13566 | D:11     | Offered knowledge of Dazzling Spray by Vehumet.
 13828 | D:11     | Found a staircase to the Orcish Mines.
 13851 | D:11     | Reached *** piety under Vehumet
 13955 | D:11     | Gained mutation: You are partially covered in slimy green scales (AC +2). [mutagenic meat]
 13956 | D:11     | Gained mutation: You are robust (+10% HP). [mutagenic meat]
 14085 | D:11     | Noticed a queen ant
 14108 | D:11     | Killed a queen ant
 14327 | D:11     | Noticed Erica
 14332 | D:11     | Noticed a hill giant
 14397 | D:11     | Noticed a hill giant
 14430 | D:11     | Killed a hill giant
 14565 | D:11     | Killed a hill giant
 14565 | D:11     | Reached skill level 12 in Fire Magic
 14868 | Lair:1   | Entered Level 1 of the Lair of Beasts
 15036 | Lair:1   | Offered knowledge of Mephitic Cloud by Vehumet.
 15041 | Lair:1   | Learned a level 3 spell: Mephitic Cloud
 15050 | Lair:1   | Reached skill level 1 in Poison Magic
 15050 | Lair:1   | Reached XP level 12. HP: 25/72 MP: 12/24
 15269 | Lair:1   | Noticed a seven-headed hydra
 15293 | Lair:1   | HP: 3/72 [seven-headed hydra (10)]
 15293 | Lair:1   | Slain by a seven-headed hydra

Action                   |  1- 3 |  4- 6 |  7- 9 | 10-12 || total
-------------------------+-------+-------+-------+-------++-------
Melee: Unarmed           |     6 |     8 |       |       ||    14
       Dagger            |       |    20 |    48 |    27 ||    95
       Scimitar          |       |       |     1 |       ||     1
 Cast: Flame Tongue      |    61 |   137 |   205 |   266 ||   669
       Sticky Flame      |       |     1 |    17 |    54 ||    72
 Abil: Spit Poison       |       |       |       |    10 ||    10
Evoke: Wand              |       |       |     1 |    10 ||    11
  Use: Scroll            |       |       |     2 |    11 ||    13
       Potion            |       |       |       |    11 ||    11
 Stab: Sleeping          |       |       |     1 |     1 ||     2
  Eat: Chunk             |     3 |    11 |    12 |    22 ||    48
       Royal jelly       |       |       |     1 |       ||     1
       Fruit             |       |       |     2 |     2 ||     4
       Pizza             |       |       |     2 |       ||     2
       Beef jerky        |       |       |     1 |     4 ||     5
